 Dungeon Crawl Stone Soup version 0.23.2-40-g277498a001 (webtiles) character file.

Game seed: 652018123348770751

163 Destructed3 the Magician (level 5, 0/36 HPs)
             Began as a Mummy Necromancer on Oct 21, 2019.
             Slain by an ice beast (5 damage)
             ... on level 5 of the Dungeon.
             The game lasted 00:32:11 (2218 turns).

Destructed3 the Magician (Mummy Necromancer)        Turns: 2218, Time: 00:32:12

Health: 0/36       AC:  2    Str: 11    XL:     5   Next: 20%
Magic:  4/13       EV: 12    Int: 15    God:
Gold:   112        SH:  0    Dex: 13    Spells: 9/15 levels left

rFire    x . .     SeeInvis .   b - +0 spear
rCold    + . .     Gourm    .   (no shield)
rNeg     + + +     Faith    .   a - +0 robe
rPois    ∞         Spirit   .   (no helmet)
rElec    .         Reflect  .   (no cloak)
rCorr    .         Harm     .   (no gloves)
MR       .....                  (no boots)
Stlth    ++........             (no amulet)
HPRegen  0.12/turn              (no ring)
MPRegen  0.13/turn              (no ring)

@: no status effects
A: no food or potions, fire vulnerability, cold resistance 1, negative energy
resistance 3, torment resistance, unbreathing
a: no special abilities


You were on level 5 of the Dungeon.
You were not hungry.

You visited 1 branch of the dungeon, and saw 5 of its levels.

You collected 112 gold pieces.

Inventory:

Hand Weapons
 b - a +0 spear (weapon)
Armour
 a - a +0 robe (worn)
 c - a +0 shield
Scrolls
 d - 2 scrolls of teleportation {unknown}
 e - a scroll of random uselessness {unknown}
 f - a scroll of remove curse {unknown}
 g - 3 scrolls of identify {unknown}
 h - a scroll of enchant armour {unknown}


   Skills:
 + Level 0.6 Fighting
 - Level 1.0 Polearms
 - Level 1.5 Dodging
 + Level 2.2 Stealth
 + Level 5.6 Spellcasting
 + Level 4.2 Necromancy


You had 9 spell levels left.
You knew the following spells:

 Your Spells              Type           Power        Failure   Level  Hunger
a - Pain                  Necr           ###.         2%          1    N/A
b - Animate Skeleton      Necr           N/A          2%          1    N/A
c - Animate Dead          Necr           N/A          26%         4    N/A

Your spell library contained the following spells:

 Spells                   Type           Power        Failure   Level  Hunger
 Vampiric Draining        Necr           ###.......   9%          3    N/A
 Regeneration             Chrm/Necr      Unusable     N/A         3    N/A

Dungeon Overview and Level Annotations

Branches:
Dungeon (6/15)
 Temple: D:4-7

Altars:


Innate Abilities, Weirdness & Mutations

You do not eat or drink.
Your flesh is vulnerable to fire.
You are immune to poison.
Your flesh is cold resistant. (rC+)
You are immune to negative energy. (rN+++)
You are immune to unholy pain and torment.
You can survive without breathing.


Message History

There is a stone staircase leading up here.
An ice beast comes into view.
The ice beast hits you. The ice beast freezes you! You resist.
The ice beast hits you.
* * * LOW HITPOINT WARNING * * *
The ice beast freezes you. You resist.
* * * LOW HITPOINT WARNING * * *
There is a stone staircase leading up here.
The ice beast barely misses you.
You climb upwards.
There is a stone staircase leading down here.
You hit the ice beast.
The ice beast is lightly wounded.
The ice beast misses you.
You hit the ice beast but do no damage.
The ice beast is lightly wounded.
The ice beast hits you.
* * * LOW HITPOINT WARNING * * *
The ice beast freezes you. You resist.
You die...

## .
.#
#.##
##...#
#@#
#Y##
...
#.##.
# ##


You could see an ice beast.

Vanquished Creatures
  5 adders
  A worm (D:2)
  3 leopard geckos
  4 bats
  3 giant cockroaches
  13 goblins
  12 hobgoblins
  10 kobolds
  A ball python (D:2)
  2 frilled lizards (D:2)
  4 rats (D:2)
58 creatures vanquished.

Vanquished Creatures (collateral kills)
  A centaur skeleton (D:3)
  Jessica (D:3)
  A gnoll (D:3)
  An ooze (D:2)
  A worm (D:2)
  2 hobgoblins (D:3)
  A ball python (D:2)
  A frilled lizard (D:3)
  A rat (D:2)
10 creatures vanquished.

Grand Total: 68 creatures vanquished

Notes
Turn   | Place    | Note
-------+----------+-------------------------------------------
     0 | D:1      | Destructed3 the Mummy Necromancer began the quest for the
                  | Orb.
     0 | D:1      | Reached XP level 1. HP: 13/13 MP: 4/4
    55 | D:1      | Learned a level 1 spell: Animate Skeleton
   190 | D:1      | Reached skill level 3 in Spellcasting
   226 | D:1      | Reached XP level 2. HP: 3/19 MP: 3/6
  1187 | D:1      | Reached XP level 3. HP: 21/24 MP: 8/8
  1335 | D:2      | Reached skill level 4 in Spellcasting
  1618 | D:2      | Reached XP level 4. HP: 19/31 MP: 2/10
  1668 | D:2      | Reached skill level 1 in Polearms
  2057 | D:3      | Reached skill level 5 in Spellcasting
  2112 | D:3      | Learned a level 4 spell: Animate Dead
  2164 | D:3      | Reached XP level 5. HP: 20/36 MP: 9/12
  2171 | D:3      | Noticed Jessica
  2193 | D:3      | Killed Jessica
  2199 | D:3      | You fall through a shaft for 3 floors!
  2206 | D:6      | Noticed an ice beast
  2216 | D:5      | Entered Level 5 of the Dungeon
  2218 | D:5      | Slain by an ice beast

Skill      XL: |  1  2  3  4 |
---------------+-------------+-----
Spellcasting   | 3 4 5 |  5.6
Stealth        | 2 |  2.2
Polearms       | 1 |  1.0
Fighting       | |  0.6
Dodging        | |  1.5
Necromancy     | |  4.2

Action                   |  1- 3 |  4- 6 || total
-------------------------+-------+-------++-------
Melee: Spear             |    87 |    22 ||   109
 Cast: Pain              |    60 |    37 ||    97
       Animate Skeleton  |    17 |    10 ||    27
       Animate Dead      |       |     2 ||     2
 Stab: Sleeping          |     5 |       ||     5
Armor: Robe              |    18 |     5 ||    23
Dodge: Dodged            |    62 |    31 ||    93
